 Dungeon Crawl Stone Soup version 0.31-a0-854-g362426d53f (webtiles) character file.

Game seed: 16783734559031053033

15 Shayle the Grasshopper (level 2, -1/23 HPs)
             Began as a Demonspawn Warper on Oct 9, 2023.
             Frozen to death by an endoplasm (5 damage)
             ... on level 1 of the Dungeon.
             The game lasted 00:01:03 (289 turns).

Shayle the Grasshopper (Demonspawn Warper)           Turns: 289, Time: 00:01:03

Health: -1/23      AC:  3    Str: 11    XL:     2   Next: 34%
Magic:  5/5        EV: 11    Int: 14    God:
Gold:   12         SH:  0    Dex: 12    Spells: 5/5 levels left

rFire   . . .        a - +0 spear
rCold   . . .        (no shield)
rNeg    . . .        b - +0 leather armour
rPois   .            (no helmet)
rElec   .            (no cloak)
rCorr   .            (no gloves)
SInv    .            (no boots)
Will    .....        (no amulet)
Stlth   +            (no ring)
HPRegen 0.23/turn    (no ring)
MPRegen 0.09/turn

%: no passive effects
@: no status effects
A: ignite blood 1
a: no special abilities


You were on level 1 of the Dungeon.
You visited 1 branch of the dungeon, and saw 1 of its levels.

You collected 12 gold pieces.

Inventory:

Hand Weapons
 a - a +0 spear (weapon)
Missiles
 d - 7 darts of dispersal (quivered)
Armour
 b - a +0 leather armour (worn)
Scrolls
 c - 3 scrolls of blinking


   Skills:
 + Level 2.4 Fighting
 - Level 1.7 Polearms
 - Level 0.8 Throwing
 + Level 1.3 Armour
 - Level 1.7 Dodging
 + Level 2.2 Spellcasting
 - Level 2.6 Translocations


You had 5 spell levels left.
You didn't know any spells.
Your spell library contained the following spells:

 Spells                   Type           Power      Damage    Failure   Level
 Blink                    Tloc           18%        N/A       16%         2
 Lesser Beckoning         Tloc           18%        N/A       16%         2
 Teleport Other           Tloc           9%         N/A       30%         3
 Manifold Assault         Tloc           9%         N/A       69%         4
 Vhi's Electric Charge    Tloc/Air       10%        N/A       87%         4


Dungeon Overview and Level Annotations

Branches:
Dungeon (1/15)

Altars:


Innate Abilities, Weirdness & Mutations

Your demonic aura sometimes causes spilled blood to erupt in flames.


Message History

The quokka bites you.
You hit the quokka.
You kill the quokka!
The bat hits you but does no damage. The kobold closely misses you.
The bat barely misses you.
Things that are here:
a +0 short sword; a quokka corpse You hit the kobold but do no damage.
The bat hits you but does no damage.
The kobold hits you with a +0 short sword.
You closely miss the kobold.
An endoplasm comes into view.
The kobold hits you with a +0 short sword.
The bat closely misses you.
You hit the kobold.
You kill the kobold!
The bat completely misses you. The bat barely misses you.
The bat attacks as it pursues you! The bat misses you.
The bat closely misses you. The bat hits you but does no damage.
Things that are here:
a +0 short sword; a kobold corpse You barely miss the endoplasm.
The bat hits you but does no damage. The endoplasm freezes you.
You are frozen.
You barely miss the endoplasm. The endoplasm barely misses you.
You hit the endoplasm but do no damage. The bat hits you but does no damage.
The endoplasm freezes you.
You are frozen.
* * * LOW HITPOINT WARNING * * *
You aren't carrying any potions.
You aren't carrying any potions.
You hit the endoplasm.
The endoplasm is lightly wounded.
The endoplasm hits you but does no damage.
The bat closely misses you.
You hit the endoplasm.
The endoplasm is severely wounded.
The bat closely misses you. The endoplasm freezes you.
You are frozen.
You die...

# # # . # #.
## #.# #.##
.#.# #.#.#
#.#J#.#.##
.#.#@#.#.#
.#.#.#)#.##
.#.#.#.#b#.#
#.#.#.#.#.##
.#.#.#.#.#.#
#.#.#.#.#.##
#.#.#.#.#.#.#
.#.#.#.#.#.##
.#.#.#.#.#.#


You could see an endoplasm and a bat.

Vanquished Creatures
  A bat (D:1)
  2 endoplasms (D:1)
  A goblin (D:1)
  3 jackals (D:1)
  3 kobolds (D:1)
  A quokka (D:1)
11 creatures vanquished.

Notes
Turn   | Place    | Note
-------+----------+-------------------------------------------
     0 | D:1      | Shayle the Demonspawn Warper began the quest for the Orb.
     0 | D:1      | Reached XP level 1. HP: 16/16 MP: 3/3
    78 | D:1      | Reached skill level 1 in Armour
   155 | D:1      | Gained mutation: Your demonic aura sometimes causes spilled
                  | blood to erupt in flames. [demonic ancestry]
   155 | D:1      | Reached XP level 2. HP: 22/22 MP: 5/5
   289 | D:1      | Frozen to death by an endoplasm

Illustrated notes

Levels and vault maps discovered:
D:1:      tarquinn_simple_flora_water_c, layout_loops_ring, minivault_23

Skill      XL: |  1 |
---------------+----+-----
Armour         | 1 |  1.3
Fighting       | |  2.4
Polearms       | |  1.7
Throwing       | |  0.8
Dodging        | |  1.7
Spellcasting   | |  2.2
Translocations | |  2.6

Action                     || total
---------------------------++-------
  Melee: Spear             ||    45
         Punch             ||     1
 Armour: Leather armour    ||    26
  Dodge: Dodged            ||    29

Table legend: (Time is in decaauts)
 A = Elapsed time spent in this place.
 B = Non-inter-level travel time spent in this place.
 C = Inter-level travel time spent in this place.
 D = Time resting spent in this place.
 E = Time spent auto-exploring this place.
 F = Levels seen in this place.
 G = Mean time per level.
                   A        B        C        D        E       F      G
               +--------+--------+--------+--------+--------+-----+--------+
         Total |    289 |    289 |      0 |      0 |    205 |   1 |  289.0 |
       Dungeon |    289 |    289 |      0 |      0 |    205 |   1 |  289.0 |
               +--------+--------+--------+--------+--------+-----+--------+

Top non-repeatable levels by time:
     D:1: 289 daAuts
